 Dungeon Crawl Stone Soup version 0.27-a0-808-g60bc5d92e6 (webtiles) character file.

Game seed: 3320663031285621310

145 polve the Skirmisher (level 5, -10/41 HPs)
             Began as a Demonspawn Abyssal Knight on Mar 28, 2021.
             Was a Believer of Lugonu.
             Splashed by Ijyb's acid (12 damage)
             ... on level 4 of the Dungeon.
             The game lasted 00:04:26 (4506 turns).

polve the Skirmisher (Demonspawn Abyssal Knight)    Turns: 4506, Time: 00:04:27

Health: -10/41     AC:  5    Str: 12    XL:     5   Next: 6%
Magic:  0/8        EV:  9    Int: 15    God:    Lugonu [**....]
Gold:   119        SH:  0    Dex: 12    Spells: 7/8 levels left

rFire    . . .     SeeInvis .   a - +2 falchion
rCold    . . .     Faith    .   (no shield)
rNeg     . . .     Spirit   +   c - +0 scale mail
rPois    .         Reflect  .   o - +2 helmet
rElec    .         Harm     .   (no cloak)
rCorr    .         Rampage  .   (no gloves)
Will     .....                  (no boots)
Stlth    ..........             (no amulet)
HPRegen  0.13/turn              (no ring)
MPRegen  0.22/turn              (no ring)

@: mighty, corroded
A: powered by pain 1, magic shield, magic regeneration, sturdy frame 1
a: Renounce Religion, Depart the Abyss, Bend Space


You were on level 4 of the Dungeon.
You worshipped Lugonu.
Lugonu was pleased with you.
You visited 1 branch of the dungeon, and saw 4 of its levels.
You visited the Abyss 1 time.

You collected 119 gold pieces.

Inventory:

Hand Weapons
 a - a +2 falchion (weapon)
Armour
 b - a +0 leather armour
 c - a +0 scale mail (worn)
 o - a +2 helmet (worn)
Scrolls
 d - 2 scrolls of identify
 e - a scroll of fear
 f - 3 scrolls of magic mapping
 g - a scroll of noise {unknown}
 h - a scroll of acquirement {unknown}
Potions
 i - a potion of flight {unknown}
 l - a potion of mutation {unknown}
 m - a potion of lignification {unknown}
 n - a potion of cancellation {unknown}


   Skills:
 * Level 3.3 Fighting
 * Level 3.0 Long Blades
 - Level 1.7 Armour
 - Level 0.8 Dodging
 - Level 2.0 Spellcasting
 - Level 2.2 Hexes
 + Level 2.7 Invocations


You had 7 spell levels left.
You knew the following spells:

 Your Spells              Type           Power      Damage    Failure   Level
a - Corona                Hex            8%         N/A       26%         1

Your spell library contained the following spells:

 Spells                   Type           Power      Damage    Failure   Level
 Animate Skeleton         Necr           2%         N/A       54%         1
 Apportation              Tloc           2%         N/A       54%         1
 Summon Small Mammal      Summ           4%         N/A       54%         1


Dungeon Overview and Level Annotations

Branches:
Dungeon (4/15)
 Temple: D:4-7

Altars:
Uskayaw

Shops:
D:1 !   D:3 [

Annotations:
D:4 Ijyb


Innate Abilities, Weirdness & Mutations

You sometimes gain a little power by taking damage.
When hurt, damage is shared between your health and your magic reserves.
You regenerate magic rapidly.
Your movements are slightly less encumbered by armour. (ER -2)


Message History

Ijyb is outlined in light.
Ijyb zaps a wand.
The bolt of acid hits you!
You are splashed with acid!
You are too injured to fight recklessly!
You are too injured to fight recklessly!
You are too injured to fight recklessly!
You are too injured to fight recklessly!
You are too injured to fight recklessly!
You are too injured to fight recklessly!
You are too injured to fight recklessly!
You are too injured to fight recklessly!
You are too injured to fight recklessly!
You are too injured to fight recklessly!
You are too injured to fight recklessly!
You are too injured to fight recklessly!
You are too injured to fight recklessly!
You are too injured to fight recklessly!
You hit Ijyb.
Ijyb is lightly wounded.
Ijyb hits you with a +0 club.
You hit Ijyb.
Ijyb is lightly wounded.
Ijyb zaps a wand.
The bolt of acid hits you! The acid corrodes you!
You are splashed with acid!
* * * LOW HITPOINT WARNING * * *
It was a potion of heal wounds.
You feel much better. Ijyb hits you with a +0 club.
You hit Ijyb but do no damage.
Ijyb is lightly wounded.
Ijyb hits you but does no damage. x2
Ijyb zaps a wand.
The bolt of acid hits you!
You are splashed with acid!
* * * LOW HITPOINT WARNING * * *
You feel better.
Ijyb stops glowing.
You feel better. Ijyb hits you with a +0 club.
Ijyb zaps a wand.
The bolt of acid hits you!!
* * * LOW HITPOINT WARNING * * *
You focus on the pain.
You feel very mighty all of a sudden.
You are splashed with acid!
You die...

.# . .# ..8 .##.#.⌠
##....... #..##....
###############..#..>..
.......................
##........#####<.......
#.....###.####@.......
#..... #..g..........
#..... #.#.######....
#..... ..##.# ...
###.###.# ... ## .. ...
.#... ##. ##.#.## # .
.. # ##


You could see Ijyb.

Vanquished Creatures
  Robin (D:3)
  A gnoll (D:1)
  4 adders (D:3)
  A worm (D:2)
  2 dart slugs
  6 orcs
  6 ball pythons
  3 bats
  8 endoplasms
  12 goblins
  11 hobgoblins
  2 jackals (D:3)
  6 quokkas
  2 frilled lizards (D:3)
  2 kobolds
  2 rats
69 creatures vanquished.

Notes
Turn   | Place    | Note
-------+----------+-------------------------------------------
     0 | Abyss:1  | polve the Demonspawn Abyssal Knight began the quest for the
                  | Orb.
     0 | Abyss:1  | Reached XP level 1. HP: 18/18 MP: 2/2
   100 | Abyss:1  | Noticed a large abomination
   101 | D:1      | Escaped the Abyss
   350 | D:1      | Reached * piety under Lugonu
   351 | D:1      | Gained mutation: Your movements are slightly less
                  | encumbered by armour. (ER -2) [demonic ancestry]
   351 | D:1      | Reached XP level 2. HP: 9/24 MP: 3/3
   354 | D:1      | Learned a level 1 spell: Corona
   699 | D:1      | Found Amyl's Distillery.
  1621 | D:2      | Reached skill level 1 in Hexes
  1621 | D:2      | Gained mutation: You sometimes gain a little power by
                  | taking damage. [demonic ancestry]
  1621 | D:2      | Reached XP level 3. HP: 29/29 MP: 4/4
  1799 | D:2      | Reached skill level 1 in Spellcasting
  2759 | D:3      | Found a hide-covered altar of Uskayaw.
  2953 | D:3      | Gained mutation: You regenerate magic rapidly. [demonic
                  | ancestry]
  2953 | D:3      | Reached XP level 4. HP: 22/35 MP: 6/6
  3244 | D:3      | Found Duocod's Antique Armour Boutique.
  3486 | D:3      | Reached ** piety under Lugonu
  3816 | D:3      | Noticed Robin
  3941 | D:3      | Killed Robin
  4260 | D:3      | Gained mutation: When hurt, damage is shared between your
                  | health and your magic reserves. [demonic ancestry]
  4260 | D:3      | Reached XP level 5. HP: 41/41 MP: 8/8
  4488 | D:4      | Noticed Ijyb
  4499 | D:4      | HP: 2/41 [acid (12)]
  4506 | D:4      | HP: 2/41 [Ijyb/bolt of acid (20)]
  4506 | D:4      | Splashed by Ijyb's acid

Illustrated notes

Levels and vault maps discovered:
D:1:      saegor_arrival_simple_c, layout_loops_corners, serial_shops, shop
D:2:      layout_loops_cross
D:3:      layout_basic, lemuel_doored_altar, serial_shops, shop, minmay_cut_off,
          uniq_robin
D:4:      layout_loops_ring, minmay_temple_entry_drinking_statues, wad_orctagon,
          uniq_ijyb, uniq_pikel

Skill      XL: |  1  2  3  4 |
---------------+-------------+-----
Long Blades    | 2 3 |  3.0
Hexes          | 1 2 |  2.2
Spellcasting   | 1 2 |  2.0
Fighting       | |  3.3
Armour         | |  1.7
Dodging        | |  0.8
Invocations    | |  2.7

Action                   |  1- 3 |  4- 6 || total
-------------------------+-------+-------++-------
Melee: Falchion          |   135 |   107 ||   242
       Unarmed           |       |     7 ||     7
 Cast: Corona            |       |     2 ||     2
Invok: Depart the Abyss  |     1 |       ||     1
  Use: Scroll            |     2 |     5 ||     7
       Potion            |     1 |     3 ||     4
Armor: Scale mail        |    49 |    33 ||    82
       Skin              |       |    15 ||    15
Dodge: Dodged            |    69 |    62 ||   131
       Rpst.: Falchion   |    27 |    21 ||    48

Table legend: (Time is in decaauts)
 A = Elapsed time spent in this place.
 B = Non-inter-level travel time spent in this place.
 C = Inter-level travel time spent in this place.
 D = Time resting spent in this place.
 E = Time spent auto-exploring this place.
 F = Levels seen in this place.
 G = Mean time per level.
                   A        B        C        D        E       F      G
               +--------+--------+--------+--------+--------+-----+--------+
         Total |   4532 |   4404 |    128 |      0 |   3817 |   5 |  906.4 |
       Dungeon |   4431 |   4303 |    128 |      0 |   3732 |   4 | 1107.8 |
         Abyss |    101 |    101 |      0 |      0 |     85 |   1 |  101.0 |
               +--------+--------+--------+--------+--------+-----+--------+

Top non-repeatable levels by time:
     D:3: 1720 daAuts
     D:2: 1431 daAuts
     D:1: 1240 daAuts
 Abyss:1: 101 daAuts
     D:4: 39 daAuts
